Map: World of Sleepers LE

Players

DisReSpeCT

  • Race: Terran Terran
  • Spawn Location: 1:00

PengWin - Winner!

  • Race: Zerg Zerg
  • Spawn Location: 7:00

VOD

Have the link to the VOD?

Description

Time

  • Played on: Sept. 6, 2019, 1:34 p.m.
  • Length: 6:42
Show
View Real Time Build Order
Export as new Build Order

DisReSpeCT Terran 

Build Orders: Gas First Reaper Expand, Liberator Opening 

Get SALT Encoding   

  12  0:00  SCV  
  13  0:12  SCV  
  14  0:17  Supply Depot  
  14  0:24  SCV  
  15  0:29  Refinery  
  15  0:38  SCV  
  16  0:44  Barracks  
  16  0:50  SCV  
  17  1:03  SCV  
  18  1:15  SCV  
  19  1:31  Orbital Command, Reaper  
  20  1:42  Command Center  
  20  1:53  Factory  
  20  1:57  SCV  
  21  2:06  Barracks Reactor  
  21  2:09  SCV  
  21  2:14  Supply Depot  
  21  2:18  Refinery  
  21  2:21  SCV  
  22  2:34  SCV  
  23  2:47  Starport, Hellion x2  
  23  2:49  Marine  
  23  2:50  SCV  
  29  2:57  Orbital Command  
  29  3:03  SCV  
  30  3:08  Barracks Tech Lab  
  30  3:10  Hellion  
  32  3:15  Hellion  
  32  3:19  Liberator  
  34  3:23  SCV  
  37  3:35  Marine, Stimpack  
  37  3:38  Hellion  
  41  3:44  Hellion  
  42  3:50  Supply Depot  
  42  3:55  Marine  
  43  3:56  SCV  
  43  3:58  SCV  
  45  4:08  SCV  
  46  4:12  SCV  
  46  4:17  Command Center  
  47  4:24  Supply Depot  
  47  4:26  Supply Depot  
  47  4:28  Marine  
  47  4:30  SCV x2  
  50  4:41  Barracks  
  50  4:42  Starport Reactor  
  50  4:43  Barracks  
  50  4:48  Marine  
  50  4:50  SCV  
  50  4:51  SCV  
  53  5:04  Factory Tech Lab  
  50  5:11  Bunker x2  
  48  5:16  Marauder  
  49  5:29  Refinery  
  49  5:33  Marine x2  
  47  6:14  Barracks  
Show
View Real Time Build Order
Export as new Build Order

PengWin Zerg - Winner!

Build Orders: Pool First, Roach Nydus 

Get SALT Encoding   

  12  0:02  Drone  
  13  0:15  Overlord  
  13  0:19  Drone  
  14  0:33  Drone x2  
  16  0:38  Drone  
  17  0:46  Spawning Pool  
  16  0:51  Drone  
  17  1:09  Hatchery  
  16  1:11  Drone  
  16  1:15  Extractor  
  16  1:17  Drone  
  17  1:22  Drone  
  18  1:33  Queen, Zergling x2  
  21  1:41  Overlord  
  21  1:52  Drone  
  22  2:06  Drone  
  23  2:09  Queen  
  25  2:22  Drone x2  
  27  2:24  Queen  
  29  2:45  Drone x7  
  36  2:53  Overlord  
  36  2:55  Lair  
  36  2:59  Extractor  
  35  3:06  Spore Crawler, Queen  
  37  3:15  Drone x7  
  44  3:22  Overlord  
  44  3:41  Roach Warren  
  43  3:50  Overlord x2  
  43  3:51  Overlord  
  43  4:02  Nydus Network  
  42  4:14  Queen  
  42  4:15  Spine Crawler  
  43  4:20  Roach x4  
  43  4:21  Roach x5  
  61  4:31  Roach x4  
  69  4:43  Nydus Canal  
  69  4:52  Roach x3  
  75  4:56  Overlord x2  
  70  5:09  Spore Crawler  
  67  5:23  Roach x6  
  78  5:37  Drone  
  78  5:38  Queen, Drone x3  
  69  5:57  Drone  
  69  5:58  Drone  
  69  6:00  Spore Crawler  
  66  6:20  Nydus Canal  
  66  6:27  Drone  
  66  6:28  Drone x2  
Tags
 
Add a new tag
Caveats
  • Supply blocks, unpowered buildings, or Contaminate may cause inaccurate times.
  • Supply counts are checked every 10 seconds.